 Dungeon Crawl Stone Soup version 0.30-a0-782-ge64f9170bb (webtiles) character file.

Game seed: 2006722592636519844

6 theswoord the Twirler (level 1, -21/16 HPs)
             Began as a Demonspawn Gladiator on Feb 19, 2023.
             Killed by an exploding hobgoblin (37 damage)
             ... ignited by their inner flame
             ... on level 1 of the Dungeon.
             The game lasted 00:00:36 (165 turns).

theswoord the Twirler (Demonspawn Gladiator)         Turns: 165, Time: 00:00:37

Health: -21/16     AC:  9    Str: 14    XL:     1   Next: 75%
Magic:  1/1        EV:  6    Int:  9    God:
Gold:   30         SH:  0    Dex: 14    Spells: 0/0 levels left

rFire   . . .      SeeInvis .    a - +0 quarterstaff
rCold   . . .      Faith    .    (shield currently unavailable)
rNeg    . . .      Spirit   .    g - +0 chain mail
rPois   .          Reflect  .    c - +0 helmet
rElec   .          Harm     .    (no cloak)
rCorr   .          Rampage  .    (no gloves)
Will    .....                    (no boots) Stlth
                                 (no amulet)
HPRegen 0.22/turn                (no ring)
MPRegen 0.07/turn                (no ring)

@: no status effects
A: no striking features
a: no special abilities


You were on level 1 of the Dungeon.
You visited 1 branch of the dungeon, and saw 1 of its levels.

You collected 30 gold pieces.

Inventory:

Hand Weapons
 a - a +0 quarterstaff (weapon)
Missiles
 d - 3 throwing nets (quivered)
 e - a javelin
Armour
 b - a +0 leather armour
 c - a +0 helmet (worn)
 g - a +0 chain mail (worn)
 j - a +0 pair of gloves
Potions
 h - a potion of curing {unknown}


   Skills:
 - Level 2.0 Fighting
 + Level 3.1 Staves
 - Level 1.7 Throwing
 - Level 2.6 Dodging


You couldn't memorise any spells.
You didn't know any spells.
Your spell library contained the following spells:

 Spells                   Type           Power      Damage    Failure   Level
 Portal Projectile        Hex/Tloc       0%         N/A       100%        3
 Tukima's Dance           Hex            0%         N/A       100%        3
 Blade Hands              Tmut           0%         N/A       100%        5


Dungeon Overview and Level Annotations

Branches:
Dungeon (1/15)

Altars:


Message History

Found a stone staircase leading down.
No target in view!
No target in view!
No target in view!
You now have 11 gold pieces.
There is a stone staircase leading down here.
You now have 22 gold pieces (gained 11).
Found a stone staircase leading down.
j - a +0 pair of gloves
As you read the scroll labelled XELUCSENIT, it crumbles to dust.
You feel aware of your surroundings.
It was a scroll of magic mapping.
A ball python comes into view.
You see here 8 gold pieces.
A ball python is nearby!
A ball python is nearby!
Found a scroll labelled CANATWAEMU.
You closely miss the ball python.
The ball python bites you but does no damage.
The ball python grabs you. The ball python constricts you.
You hit the ball python.
You kill the ball python!
No target in view!
No target in view!
You now have 30 gold pieces (gained 8).
A hobgoblin comes into view.
The hobgoblin shouts!
A hobgoblin is nearby!
As you read the scroll labelled MISOEG JOAN, it crumbles to dust.
The creatures around you are filled with an inner flame!
It was a scroll of immolation.
A hobgoblin is nearby!
A hobgoblin is nearby!
A hobgoblin is nearby!
A hobgoblin is nearby!
Found a short sword.
You hit the hobgoblin.
The hobgoblin explodes!
The fiery explosion engulfs you!!!
Ouch! That really hurt!
You die...

,,,* ****,..######.....##*,,,**,*
**,* ***** ##......#..,,**,*
*,******###** ##..#.#....#,***,*
**,,,,,,,,...*##........>....**,*
,,*********#.##..##....###...,,,*
,,*****#####.....##..#.....##****
,,,,,,,..?........##...##.#*
,,,****####.#.........##,,# **,,*
#.,##.#@§......,,******* **,**
#,**#.§§§......,,,,,,,,* *,,*
*,*#..§§§.......,,,,,,,* * **,**
*,.............,,,,,,,,*
****,,***#..##..........,,,,,,,,*
,**,,,,,,...*##.........,*,,,,,,*
,,*,,,,,,..** ##..)##...,,,,,,,,*
,,*,,,,,,,,* #####*##.*,,,,,,,,
,,*,,>,,,,,* *,,,,,,,,,*


There were no monsters in sight!

Vanquished Creatures
  A dart slug (D:1)
  A hobgoblin (D:1)
  2 kobolds (D:1)
  A ball python (D:1)
5 creatures vanquished.

Notes
Turn   | Place    | Note
-------+----------+-------------------------------------------
     0 | D:1      | theswoord the Demonspawn Gladiator began the quest for the
                  | Orb.
     0 | D:1      | Reached XP level 1. HP: 16/16 MP: 1/1
    24 | D:1      | Reached skill level 3 in Staves
   165 | D:1      | Killed by an exploding hobgoblin... ignited by their inner
                  | flame

Skill      XL: |  1 |
---------------+----+-----
Staves         | 3 |  3.1
Fighting       | |  2.0
Throwing       | |  1.7
Dodging        | |  2.6

Action                     || total
---------------------------++-------
  Melee: Quarterstaff      ||     9
    Use: Scroll            ||     2
 Armour: Chain mail        ||     4
  Dodge: Dodged            ||     2

Levels and vault maps discovered:
D:1:      amcnicky_arrival_wind_blow, layout_rooms
